 Dungeon Sprint DCSS version 0.29-a0-284-gf9362112df (webtiles) character file.

Game seed: 6451075194992774875

4886 mhtbhm the Severer (level 10, -11/139 HPs)
             Began as a Human Berserker on Mar 19, 2022.
             Was a High Priest of Trog.
             Mangled by Urug
             ... wielding a +1 vorpal scimitar
              (23 damage)
             ... in the Dungeon (Sprint III: "The Ten Rune Challenge").
             The game lasted 00:03:05 (3498 turns).

mhtbhm the Severer (Human Berserker)                Turns: 3498, Time: 00:03:06

Health: -11/139    AC:  7    Str: 22    XL:     10   Next: 79%
Magic:  10/10      EV: 13    Int:  8    God:    Trog [*****.]
Gold:   28         SH:  0    Dex: 10    Spells: 9/9 levels left

rFire   . . .      SeeInvis .   a - +3 broad axe
rCold   . . .      Faith    .   (no shield)
rNeg    . . .      Spirit   .   b - +0 ring mail
rPois   .          Reflect  .   (helmet restricted)
rElec   .          Harm     .   (no cloak)
rCorr   .          Rampage  .   (no gloves)
Will    .....      NoTele   +   (no boots)
Stlth   ..........              (no amulet)
HPRegen 0.33/turn               (no ring)
MPRegen 0.12/turn               (no ring)

@: berserking, lethally poisoned (-11 -> -32), very quick
A: fangs 1, horns 1, clumsy 1, wild magic 3
a: Renounce Religion, Berserk, Trog's Hand, Brothers in Arms


You were in the Dungeon.
You worshipped Trog.
Trog was extremely pleased with you.
You visited 1 branch You collected 28 gold pieces.

Inventory:

Hand Weapons
 a - a +3 broad axe (weapon)
Armour
 b - a +0 ring mail (worn)
Scrolls
 h - a scroll of blinking
 j - 2 scrolls of holy word {unknown}
 k - 3 scrolls of identify
Potions
 d - a potion of heal wounds
 e - a potion of haste
 f - 2 potions of magic
 g - a potion of berserk rage
 l - a potion of flight {unknown}
Miscellaneous
 i - a phial of floods


   Skills:
 + Level 13.7 Fighting
 + Level 16.6 Axes
 + Level 10.3 Armour
 + Level 7.4 Dodging
 + Level 1.8 Stealth


You had 9 spell levels left.
You didn't know any spells.
Your spell library was empty.

Dungeon Overview and Level Annotations

Branches:
Dungeon (1/1)

Altars:
Cheibriados
Dithmenos
Elyvilon
Fedhas
Gozag
Hepliaklqana
Kikubaaqudgha
Makhleb
Nemelex Xobeh
Okawaru
Qazlal
Ru
Sif Muna
Trog
Uskayaw
Vehumet
Wu Jian
Xom
Yredelemnul
Zin
The Shining One
Beogh
Jiyva
Lugonu

Annotations:
D Urug


Innate Abilities, Weirdness & Mutations

You have very sharp teeth.
You have a pair of small horns on your head.
You are clumsy. (Dex -2)
Your spells are much harder to cast, but much more powerful.


Message History

You closely miss the redback.
You headbutt the redback, but do no damage.
The redback is severely wounded.
You feel extremely sick.
Urug the Orcish Ballista comes into view.
She is wielding a +1 vorpal scimitar.
The redback bites you!
Unknown command.
A red film seems to cover your vision as you go berserk!
You feel yourself moving faster!
You feel mighty!
You feel extremely sick.
The redback bites you but does no damage.
You slice the redback!!
You kill the redback!
Trog accepts your kill.
You feel very sick.
You feel extremely sick.
Urug hits you with a +1 vorpal scimitar!
You see here a redback corpse.
You slice Urug!!
Urug is moderately wounded.
You feel very sick. Urug barely misses you.
You slice Urug!!
Urug is heavily wounded.
You feel very sick.
You slash Urug!
Urug is severely wounded.
You feel very sick.
Urug hits you with a +1 vorpal scimitar!
* * * LOW HITPOINT WARNING * * *
x2 You miss Urug.
Your headbutt misses Urug.
Urug is severely wounded.
* * * LOW HITPOINT WARNING * * *
You feel very sick.
You slash Urug!
Urug is almost dead.
* * * LOW HITPOINT WARNING * * *
You feel very sick.
Urug hits you with a +1 vorpal scimitar!!
You die...

▓▓▓▓▓▓▓▓▓▓▓▓▓▓▓▓▓▓▓▓▓▓▓▓▓▓▓▓▓▓#†^
♣♣≈≈≈........≈≈≈...#..
+♣♣÷♣≈≈≈≈≈≈≈≈≈≈≈≈♣♣P.'..
#.≈♣♣♣♣♣♣♣♣♣♣♣♣♣♣♣♣PP#.. #..♣♣
♣♣♣##+ ###'♣♣♣♣♣ ♣♣♣♣.##..##
♣..)##.##.# ♣♣.##.##@##
♣..#.##.o.# ♣♣.##.##..# ♣♣.##.#
### ♣.....# #######


You could see Urug.

Vanquished Creatures
  Erolcha (D)
  A lindwurm (D)
  A deep elf pyromancer (D)
  A komodo dragon (D)
  2 cane toads (D)
  2 tyrant leeches (D)
  A shadow (D)
  5 redbacks (D)
  A spatial vortex (D)
  5 two-headed ogres (D)
  A scorpion (D)
  A necrophage (D)
  A water elemental (D)
  A jelly (D)
  A wizard (D)
  A necromancer (D)
  A kobold demonologist (D)
  3 humans (D)
  2 wandering mushrooms (D)
  4 rats (D)
36 creatures vanquished.

Vanquished Creatures (others)
  A wandering mushroom (D)
1 creature vanquished.

Grand Total: 37 creatures vanquished

Notes
Turn   | Place    | Note
-------+----------+-------------------------------------------
     0 | D        | mhtbhm the Human Berserker began the quest for the Orb.
     0 | D        | Reached XP level 1. HP: 18/18 MP: 1/1
    30 | D        | Reached ** piety under Trog
    69 | D        | Noticed a scorpion
    75 | D        | Killed a scorpion
    76 | D        | Reached skill level 5 in Fighting
    76 | D        | Reached skill level 5 in Axes
    76 | D        | Reached XP level 2. HP: 27/27 MP: 2/2
    76 | D        | Reached XP level 3. HP: 33/33 MP: 3/3
    76 | D        | Reached XP level 4. HP: 39/39 MP: 4/4
    83 | D        | Reached skill level 6 in Axes
   123 | D        | Gained mutation: You are weak. (Str -2) [potion of
                  | mutation]
   123 | D        | Gained mutation: You are dopey. (Int -2) [potion of
                  | mutation]
   123 | D        | Gained mutation: You expend magic power (3 MP) to
                  | strengthen your wands. [potion of mutation]
   124 | D        | Lost mutation: You are weak. (Str -2) [potion of mutation]
   124 | D        | Lost mutation: You are dopey. (Int -2) [potion of mutation]
   124 | D        | Lost mutation: You expend magic power (3 MP) to strengthen
                  | your wands. [potion of mutation]
   124 | D        | Gained mutation: You have large cloven feet. [potion of
                  | mutation]
   124 | D        | Gained mutation: Armour fits poorly on your strangely
                  | shaped body. [potion of mutation]
   125 | D        | Lost mutation: Armour fits poorly on your strangely shaped
                  | body. [potion of mutation]
   125 | D        | Lost mutation: You have large cloven feet. [potion of
                  | mutation]
   125 | D        | Gained mutation: Your flesh is cold resistant. (rC+)
                  | [potion of mutation]
   125 | D        | Gained mutation: Potions are less effective at restoring
                  | your health. [potion of mutation]
   126 | D        | Lost mutation: Your flesh is cold resistant. (rC+) [potion
                  | of mutation]
   126 | D        | Lost mutation: Potions are less effective at restoring your
                  | health. [potion of mutation]
   126 | D        | Gained mutation: You are clumsy. (Dex -2) [potion of
                  | mutation]
   126 | D        | Gained mutation: Your spells are a little harder to cast,
                  | but a little more powerful. [potion of mutation]
   126 | D        | Gained mutation: Your mind is acute. (Int +2) [potion of
                  | mutation]
   127 | D        | Lost mutation: Your spells are a little harder to cast, but
                  | a little more powerful. [potion of mutation]
   127 | D        | Lost mutation: Your mind is acute. (Int +2) [potion of
                  | mutation]
   127 | D        | Gained mutation: You have hidden genetic potential. [potion
                  | of mutation]
   127 | D        | Gained mutation: You have great hidden genetic potential.
                  | [potion of mutation]
   127 | D        | Gained mutation: Your spells are a little harder to cast,
                  | but a little more powerful. [potion of mutation]
   129 | D        | Noticed a water elemental
   134 | D        | Killed a water elemental
   134 | D        | Reached *** piety under Trog
   135 | D        | Reached skill level 7 in Axes
   135 | D        | Reached XP level 5. HP: 47/47 MP: 5/5
   138 | D        | Gained mutation: Your spells are harder to cast, but more
                  | powerful. [hidden potential]
   216 | D        | Found a radiant altar of Vehumet.
   216 | D        | Found a shimmering blue altar of Sif Muna.
   216 | D        | Found an ancient bone altar of Kikubaaqudgha.
   324 | D        | Found a basalt altar of Yredelemnul.
   324 | D        | Found a shadowy altar of Dithmenos.
   324 | D        | Found a sacrificial altar of Ru.
   333 | D        | Reached **** piety under Trog
   334 | D        | Reached skill level 8 in Axes
   334 | D        | Reached XP level 6. HP: 34/56 MP: 6/6
   344 | D        | HP: 2/51 [necrophage (2)]
   351 | D        | Gained mutation: Your spells are much harder to cast, but
                  | much more powerful. [hidden potential]
   351 | D        | Lost mutation: You have great hidden genetic potential.
                  | [hidden potential expressed]
   638 | D        | Found a glowing silver altar of Zin.
   638 | D        | Found a glowing golden altar of the Shining One.
   638 | D        | Found a white marble altar of Elyvilon.
   639 | D        | Noticed a deep elf pyromancer
   647 | D        | Killed a deep elf pyromancer
   648 | D        | Reached skill level 11 in Axes
   648 | D        | Reached skill level 5 in Dodging
   648 | D        | Reached XP level 7. HP: 65/65 MP: 7/7
   653 | D        | Gained mutation: You have very sharp teeth. [hidden
                  | potential]
   720 | D        | Found a hide-covered altar of Uskayaw.
   720 | D        | Found an iron altar of Okawaru.
   720 | D        | Found a bloodstained altar of Trog.
   720 | D        | Found an ornate altar of the Wu Jian Council.
   720 | D        | Noticed a human
   721 | D        | Noticed a human
   735 | D        | Killed a human
   736 | D        | Reached skill level 10 in Fighting
   736 | D        | Reached XP level 8. HP: 52/72 MP: 8/8
   736 | D        | Killed a human
   894 | D        | Noticed a shadow
   907 | D        | Killed a shadow
   908 | D        | Reached skill level 12 in Axes
   908 | D        | Reached ***** piety under Trog
   923 | D        | Gained mutation: You have a pair of small horns on your
                  | head. [hidden potential]
   923 | D        | Lost mutation: You have hidden genetic potential. [hidden
                  | potential expressed]
  1162 | D        | Found a blossoming altar of Fedhas.
  1162 | D        | Found a stormy altar of Qazlal.
  1162 | D        | Found a snail-covered altar of Cheibriados.
  1162 | D        | Found a burning altar of Makhleb.
  1162 | D        | Found a shimmering altar of Xom.
  1163 | D        | Found a hazy altar of Hepliaklqana.
  1163 | D        | Found an opulent altar of Gozag.
  1163 | D        | Found a sparkling altar of Nemelex Xobeh.
  1163 | D        | Found a corrupted altar of Lugonu.
  1163 | D        | Found a viscous altar of Jiyva.
  1426 | D        | Received a gift from Trog
  1438 | D        | Reached skill level 13 in Axes
  1438 | D        | Reached XP level 9. HP: 81/81 MP: 9/9
  1496 | D        | Noticed a two-headed ogre
  1504 | D        | Killed a two-headed ogre
  1507 | D        | HP: 6/121 [poisoned by a two-headed ogre]
  1805 | D        | Noticed Erolcha
  1805 | D        | Noticed a two-headed ogre
  1813 | D        | Killed Erolcha
  1814 | D        | Reached skill level 14 in Axes
  1814 | D        | Killed a two-headed ogre
  2063 | D        | Reached skill level 15 in Axes
  2063 | D        | Reached XP level 10. HP: 90/90 MP: 10/10
  2296 | D        | HP: 3/90 [wandering mushroom (9)]
  2548 | D        | Noticed a cane toad
  2548 | D        | Noticed a komodo dragon
  2548 | D        | Noticed a cane toad
  2552 | D        | Killed a cane toad
  2559 | D        | Killed a komodo dragon
  2560 | D        | Reached skill level 1 in Stealth
  2563 | D        | Killed a cane toad
  2862 | D        | Received a gift from Trog
  2863 | D        | Reached skill level 16 in Axes
  2863 | D        | Reached skill level 10 in Armour
  3182 | D        | Noticed a lindwurm
  3191 | D        | Killed a lindwurm
  3490 | D        | Noticed Urug
  3498 | D        | Mangled by Urug

Illustrated notes

Levels and vault maps discovered:
D:        dungeon_sprint_mu [sprint_mu_entry_cave, sprint_mu_temple_rooms,
          sprint_mu_d1_spiders, sprint_mu_d2_genie, sprint_mu_d3_branching,
          sprint_mu_orc_legion, sprint_mu_elf_gauntlet, sprint_mu_hive_nellie,
          sprint_mu_lair_fedhas, sprint_mu_vaults_butterflies,
          sprint_mu_slime_circle, sprint_mu_swamp_cave, sprint_mu_snake_twists,
          sprint_mu_blade_basic, sprint_mu_crypt_fortress,
          sprint_mu_tomb_spiral, sprint_mu_vestibule_basic,
          sprint_mu_gehenna_hellfire, sprint_mu_dis_giant,
          sprint_mu_tartarus_statrot, sprint_mu_cocytus_islands, sprint_mu_zot1]

Skill      XL: |  1  2  3  4  5  6  7  8  9 10 |
---------------+-------------------------------+-----
Fighting       | 5 6 7 9 10 11 12 13 | 13.7
Axes           | 5 7 8 11 13 15 16 | 16.6
Armour         | 3 4 6 7 9 10 | 10.3
Dodging        | 3 4 5 6 7 |  7.4
Stealth        | 1 |  1.8

Action                   |  1- 3 |  4- 6 |  7- 9 | 10-12 || total
-------------------------+-------+-------+-------+-------++-------
Melee: Hand axe          |    13 |    47 |    49 |       ||   109
       Bite              |       |       |     9 |    10 ||    19
       Headbutt          |       |       |     5 |    18 ||    23
       Broad axe         |       |       |    19 |    77 ||    96
       Punch             |       |       |       |     3 ||     3
Invok: Berserk           |     1 |     4 |     6 |     5 ||    16
  Use: Potion            |       |     5 |     1 |     1 ||     7
Armor: Ring mail         |     5 |     5 |     3 |    11 ||    24
       Animal skin       |     1 |       |       |       ||     1
Dodge: Dodged            |     5 |    10 |    28 |    42 ||    85

Table legend: (Time is in decaauts)
 A = Elapsed time spent in this place.
 B = Non-inter-level travel time spent in this place.
 C = Inter-level travel time spent in this place.
 D = Time resting spent in this place.
 E = Time spent auto-exploring this place.
 F = Levels seen in this place.
 G = Mean time per level.
                   A        B        C        D        E       F      G
               +--------+--------+--------+--------+--------+-----+--------+
         Total |   3594 |   3594 |      0 |   3122 |     23 |   1 | 3594.0 |
       Dungeon |   3594 |   3594 |      0 |   3122 |     23 |   1 | 3594.0 |
               +--------+--------+--------+--------+--------+-----+--------+

Top non-repeatable levels by time:
       D: 3594 daAuts
